 Dungeon Crawl Stone Soup version 0.22.0-38-g04b72b8 (webtiles) character file.

734 smeego the Slasher (level 7, -4/48 HPs)
             Began as an Octopode Fighter on Aug 30, 2018.
             Was an Initiate of Dithmenos.
             Slain by a worker ant (7 damage)
             ... on level 4 of the Dungeon.
             The game lasted 00:06:53 (4300 turns).

smeego the Slasher (Octopode Fighter)               Turns: 4300, Time: 00:06:54

Health: -4/48      AC:  1    Str: 14 (15) XL:     7   Next: 74%
Magic:  16/16      EV: 12    Int:  9 (11) God:    Dithmenos [......]
Gold:   224        SH:  9    Dex: 10 (13) Spells: 6/6 levels left

rFire    . . .     SeeInvis +   a - +1 long sword
rCold    . . .     Gourm    .   b - +0 shield
rNeg     . . .     Faith    .   v - +0 hat
rPois    .         Spirit   .   (no amulet)
rElec    .         Reflect  .   e - ring of magical power
rCorr    .         Harm     .   h - ring of see invisible
MR       .....                  (no ring)
Stlth    +++.......             (no ring)
HPRegen  0.16/turn              (no ring)
MPRegen  0.15/turn              (no ring)
                                (no ring)
                                (no ring)

@: lethally poisoned (-4 -> -12)
A: almost no armour, stealthy swim, amphibious, 8 rings, constrict 8, camouflage
1, gelatinous body 1
a: Renounce Religion


You were on level 4 of the Dungeon.
You worshipped Dithmenos.
Dithmenos was noncommittal.
You were hungry.

You visited 2 branches of the dungeon, and saw 6 of its levels.

You collected 224 gold pieces.

Inventory:

Hand Weapons
 a - a +1 long sword (weapon)
 k - a +0 dagger
Missiles
 l - 18 bolts
Armour
 b - a +0 shield (worn)
 v - a +0 hat (worn)
Jewellery
 e - a ring of magical power (left tentacle)
 h - a ring of see invisible (right tentacle)
Wands
 j - a wand of digging (9)
Scrolls
 o - 4 scrolls of enchant weapon
 p - 2 scrolls of remove curse
Potions
 c - a potion of might
 m - a potion of brilliance
 r - a potion of flight
Comestibles
 d - 5 rations


   Skills:
 + Level 4.2 Fighting
 * Level 4.9 Long Blades
 + Level 4.2 Dodging
 + Level 4.1 Stealth
 + Level 4.3 Shields
 + Level 2.7 Unarmed Combat
 + Level 0.0 Invocations
 + Level 0.0 Evocations


You had 6 spell levels left.
You didn't know any spells.
Your spell library was empty.

Dungeon Overview and Level Annotations

Branches:
Dungeon (5/15)             Temple (1/1) D:4

Altars:
Ashenzari
Dithmenos
Hepliaklqana
Sif Muna
Trog
Wu Jian
Yredelemnul
Zin

Annotations:
D:2 1 runed door


Innate Abilities, Weirdness & Mutations

You cannot wear most types of armour.
You are very stealthy in the water. (Stealth+)
You are amphibious.
You can wear up to eight rings at the same time.
You can use your tentacles to constrict eight enemies at once.
Your skin changes colour to match your surroundings (Stealth+).
Your rubbery body absorbs attacks. (AC +1, EV +1)


Message History

You feel sick. The worker ant closely misses you.
The worker ant completely misses you.
Unknown command.
You closely miss the worker ant. You grab the worker ant.
You squeeze the worker ant.
The worker ant is lightly wounded.
You constrict the worker ant.
You feel sick. The worker ant closely misses you.
You hit the worker ant but do no damage.
The worker ant is lightly wounded.
You constrict the worker ant.
You feel sick. The worker ant bites you!
* * * LOW HITPOINT WARNING * * *
You block the worker ant's attack.
Unknown command.
Okay, then.
You hit the worker ant but do no damage.
The worker ant is moderately wounded.
You constrict the worker ant.
* * * LOW HITPOINT WARNING * * *
You feel sick. The worker ant bites you!
You die...

###+### ##### #.....# ##...##
#.#.⌠.⌠.###
###.....####.'..@).'.#
.#...........#.⌠.a.#.#
.#.......# #.....#.#
.#.......# ###'###.# ###
.##.....##### ...# #a#####..#
.................###.......##
<#.......####....##.........#
.#.......## #.?..##.........#
g##.......# ....##.........#


You could see a worker ant.

Vanquished Creatures
  A gnoll sergeant (D:4)
  A scorpion (D:4)
  A howler monkey (D:4)
  A hound (D:5)
  A gnoll shaman (D:4)
  An orc priest (D:5)
  2 orc wizards (D:5)
  Jessica (D:2)
  2 worker ants
  Natasha (twice) (D:3)
  A hound skeleton (D:5)
  Robin (D:2)
  14 gnolls
  5 adders
  2 worms (D:2)
  2 dart slugs
  3 leopard geckos
  9 orcs
  7 bats
  A giant cockroach (D:2)
  9 hobgoblins
  2 jackals (D:5)
  3 quokkas
  8 frilled lizards
  19 goblins
  14 kobolds
  A quokka skeleton (D:4)
  7 rats
121 creatures vanquished.

Notes
Turn   | Place    | Note
-------+----------+-------------------------------------------
     0 | D:1      | smeego the Octopode Fighter began the quest for the Orb.
     0 | D:1      | Reached XP level 1. HP: 16/16 MP: 1/1
    97 | D:1      | Reached XP level 2. HP: 21/21 MP: 2/2
   259 | D:1      | Reached skill level 1 in Stealth
   417 | D:1      | Reached XP level 3. HP: 26/26 MP: 3/3
   754 | D:2      | Noticed Robin
   757 | D:2      | Killed Robin
   760 | D:2      | Reached skill level 1 in Unarmed Combat
   778 | D:2      | Reached XP level 4. HP: 12/31 MP: 4/4
  1250 | D:2      | Noticed Jessica
  1255 | D:2      | Killed Jessica
  1305 | D:2      | Reached XP level 5. HP: 27/36 MP: 5/5
  1851 | D:2      | Found a runed door.
  2715 | D:3      | Noticed Natasha
  2721 | D:3      | Killed Natasha
  2721 | D:3      | Reached XP level 6. HP: 42/42 MP: 6/6
  2865 | D:5      | Entered Level 5 of the Dungeon
  3139 | D:5      | Reached XP level 7. HP: 22/47 MP: 7/7
  3667 | D:3      | Noticed Natasha
  3683 | D:3      | Killed Natasha
  3938 | D:4      | HP: 2/48 [adder (4)]
  3959 | D:4      | Found a staircase to the Ecumenical Temple.
  3965 | Temple   | Entered the Ecumenical Temple
  3982 | Temple   | Became a worshipper of Dithmenos the Shadowed
  4300 | D:4      | Slain by a worker ant

Skill      XL: |  1  2  3  4  5  6  7 |
---------------+----------------------+-----
Stealth        | 1 2 3 4 |  4.1
Unarmed Combat | 1 2 |  2.7
Long Blades    | 3 4 |  4.9
Shields        | 4 |  4.3
Fighting       | 4 |  4.2
Dodging        | 4 |  4.2

Action                   |  1- 3 |  4- 6 |  7- 9 || total
-------------------------+-------+-------+-------++-------
Melee: Long sword        |    45 |   127 |    55 ||   227
       Constrict         |    19 |    42 |    11 ||    72
       Tentacles         |    11 |    27 |    14 ||    52
       Punch             |       |     1 |     1 ||     2
Evoke: Wand              |       |       |     7 ||     7
  Use: Scroll            |       |    12 |     2 ||    14
       Potion            |       |     1 |     7 ||     8
 Stab: Sleeping          |     5 |    12 |       ||    17
       Distracted        |     1 |     1 |     1 ||     3
  Eat: Chunk             |       |     7 |     3 ||    10
Armor: Skin              |       |     6 |    48 ||    54
Dodge: Dodged            |    21 |    50 |    33 ||   104
Block: Shield            |    20 |    55 |    57 ||   132
       Rpst.: Long sword |     9 |    11 |     9 ||    29
